 Dungeon Crawl Stone Soup version 0.26.0-10-g1f06aea511 (webtiles) character file.

Game seed: 14186075198511548119

2428904 Flubr the Pandemonic (level 27, 206/206 (211) HPs)
             Began as a Halfling Hunter on Jan 9, 2021.
             Was a High Priest of Makhleb.
             Escaped with the Orb
             ... and 5 runes on Jan 15, 2021!
             The game lasted 16:45:21 (106917 turns).

Flubr the Pandemonic (Halfling Hunter)            Turns: 106917, Time: 16:45:22

HP:   206/206 (211) AC: 35    Str: 11      XL:     27
MP:   39/39         EV: 22    Int: 15 (18) God:    Makhleb [*****.]
Gold: 8090          SH: 15    Dex: 28      Spells: 26/40 levels left

rFire    + + +     SeeInvis +   a - +12 fustibalus of Evil {god gift, speed, Will- Int+4 Dex+6}
rCold    + + +     Faith    .   G - +2 buckler of Irirchykh {god gift, rC+ rN+ Str-2 SInv}
rNeg     + + .     Spirit   .   r - +10 shadow dragon scales
rPois    +         Reflect  +   s - +0 helmet of the Moon Troll {*Drain rC+++ rCorr Str-4}
rElec    +         Harm     .   f - scarf {+Inv}
rCorr    +         Rampage  .   c - +1 pair of gloves of Anarchy {+Blink rElec rN+ Int+3 SInv}
Will     ++++.                  l - +0 pair of boots of Eternal Vigilance {rPois Regen+ Dex+4}
Stlth    +++.......             O - amulet of Xudev {Reflect *Contam rElec rF+++ Dex-4 SH+5}
HPRegen  0.84/turn              Y - ring of willpower
MPRegen  0.26/turn              i - ring of Myzxija {rPois rF+ Will++}

@: lightly drained
A: small, mutation resistance 1
0: Orb of Zot
}: 5/15 runes: decaying, serpentine, slimy, silver, abyssal
a: Renounce Religion, Evoke Blink, Evoke Invisibility, Minor Destruction, Lesser
Servant of Makhleb, Major Destruction, Greater Servant of Makhleb


You escaped.
You worshipped Makhleb.
Makhleb was extremely pleased with you.
You visited 13 branches of the dungeon, and saw 59 of its levels.
You visited the Abyss 1 time.
You also visited: Trove, Bailey, Gauntlet and Wizlab.

You collected 13811 gold pieces.
You spent 5721 gold pieces at shops.

Inventory:

Hand Weapons
 a - the +12 fustibalus of Evil (weapon) {god gift, speed, Will- Int+4 Dex+6}
   (Okawaru gifted it to you on level 3 of the Snake Pit)

   Attacks with this weapon are significantly faster.
   It affects your intelligence (+4).
   It affects your dexterity (+6).
   It affects your willpower, your defense against some magical effects.
Missiles
 d - 66 sling bullets (quivered ammo) {@Q1}
 e - 14 atropa-tipped darts
 h - 33 curare-tipped darts
 q - 99 stones {@Q2}
 y - 7 boomerangs of dispersal
 Z - a throwing net
Armour
 c - the +1 pair of gloves of Anarchy (worn) {+Blink rElec rN+ Int+3 SInv}
   (You found it on level 3 of the Crypt)

   It affects your intelligence (+3).
   It insulates you from electricity.
   It protects you from negative energy.
   It lets you see invisible.
   It lets you blink.
 f - a scarf of invisibility (worn)
 l - the +0 pair of boots of Eternal Vigilance (worn) {rPois Regen+ Dex+4}
   (You bought it in a shop on level 2 of the Orcish Mines)

   It affects your dexterity (+4).
   It protects you from poison.
   It increases your rate of regeneration.
 r - +10 shadow dragon scales (worn)
 s - the +0 helmet of the Moon Troll (worn) {*Drain rC+++ rCorr Str-4}
   (You acquired it on level 2 of the Depths)

   It affects your strength (-4).
   It renders you almost immune to cold.
   It provides partial protection from all sources of acid and corrosion.
   It causes draining when unequipped.
 G - the +2 buckler of Irirchykh (worn) {god gift, rC+ rN+ Str-2 SInv}
   (Okawaru gifted it to you on level 2 of the Depths)

   It affects your strength (-2).
   It protects you from cold.
   It protects you from negative energy.
   It lets you see invisible.
Jewellery
 i - the ring of Myzxija (right hand) {rPois rF+ Will++}
   (You bought it in a shop on level 5 of the Depths)

   [ring of poison resistance]

   It protects you from fire.
   It protects you from poison.
   It affects your willpower, your defense against some magical effects.
 O - the amulet of Xudev (around neck) {Reflect *Contam rElec rF+++ Dex-4 SH+5}
   (You acquired it on level 5 of the Lair of Beasts)

   [amulet of reflection]

   It shields you and reflects attacks.
   It affects your dexterity (-4).
   It renders you almost immune to fire.
   It insulates you from electricity.
   It causes magical contamination when unequipped.
   It affects your SH (+5).
 Y - a ring of willpower (left hand)
Wands
 A - a wand of acid (57)
 D - a wand of digging (22)
 E - a wand of enslavement (28)
 I - a wand of iceblast (78)
 N - a wand of disintegration (11)
 P - a wand of paralysis (28)
Scrolls
 k - 15 scrolls of magic mapping
 n - 13 scrolls of immolation
 p - 6 scrolls of fog
 z - 7 scrolls of fear
 B - a scroll of blinking
 C - a scroll of holy word
 F - 33 scrolls of remove curse
 K - 2 scrolls of summoning
 M - 3 scrolls of silence
 R - 9 scrolls of identify
 T - 32 scrolls of teleportation
Potions
 g - 2 potions of magic
 j - 16 potions of attraction
 m - a potion of invisibility
 o - 7 potions of resistance
 t - 3 potions of cancellation
 u - 4 potions of heal wounds
 v - 6 potions of mutation {!q}
 w - 11 potions of brilliance
 H - 2 potions of haste
 L - 8 potions of lignification
 Q - 9 potions of curing
Miscellaneous
 b - the horn of Geryon (inert)
 J - a lightning rod (4/4)
 S - a phantom mirror (inert)
 U - a box of beasts
 V - a condenser vane
 W - a tin of tremorstones (1/2)
 X - a phial of floods (inert)


   Skills:
 - Level 23.1 Fighting
 - Level 16.0 Slings
 - Level 20.3 Armour
 - Level 20.3 Dodging
 - Level 12.0 Stealth
 - Level 5.6 Shields
 - Level 7.0 Spellcasting
 - Level 9.0 Hexes
 - Level 6.0 Necromancy
 - Level 14.0 Translocations
 * Level 24.1 Invocations
 - Level 12.0 Evocations


You had 26 spell levels left.
You knew the following spells:

 Your Spells              Type           Power        Failure   Level
a - Portal Projectile     Hex/Tloc       78%          3%          3
b - Animate Skeleton      Necr           46%          11%         1
g - Passage of Golubria   Tloc           N/A          4%          4
o - Apportation           Tloc           94%          1%          1
t - Tukima's Dance        Hex            32%          10%         3
z - Blink                 Tloc           N/A          1%          2

Your spell library contained the following spells:

 Spells                   Type           Power        Failure   Level
 Gell's Gravitas          Tloc           23%          1%          3
 Lesser Beckoning         Tloc           23%          1%          3
 Teleport Other           Tloc           47%          1%          3
 Corona                   Hex            35%          3%          1
 Slow                     Hex            32%          4%          2
 Confusing Touch          Hex            32%          10%         3
 Pain                     Necr           92%          11%         1
 Sublimation of Blood     Necr           11%          16%         2
 Ensorcelled Hibernation  Hex/Ice        36%          30%         2
 Cause Fear               Hex            16%          30%         4
 Vampiric Draining        Necr           11%          32%         3
 Corpse Rot               Necr/Air       N/A          50%         2
 Dazzling Flash           Conj/Hex       36%          52%         3
 Inner Flame              Hex/Fire       18%          52%         3
 Summon Guardian Golem    Hex/Summ       18%          52%         3
 Iskenderun's Mystic Bla  Conj/Tloc      26%          56%         4
 Animate Dead             Necr           11%          71%         4
 Dispel Undead            Necr           23%          71%         4
 Beastly Appendage        Tmut           10%          77%         1
 Freeze                   Ice            20%          77%         1
 Magic Dart               Conj           20%          77%         1
 Shock                    Conj/Air       20%          77%         1
 Sting                    Tmut/Pois      20%          77%         1
 Summon Small Mammal      Summ           20%          77%         1
 Call Imp                 Summ           5%           88%         2
 Passwall                 Tmut/Erth      4%           88%         2
 Poisonous Vapours        Pois/Air       10%          88%         2
 Searing Ray              Conj           10%          88%         2
 Swiftness                Air            5%           88%         2
 Wereblood                Tmut           5%           88%         2
 Fulminant Prism          Conj/Hex       9%           89%         4
 Leda's Liquefaction      Hex/Erth       9%           89%         4
 Summon Forest            Summ/Tloc      13%          89%         5
 Agony                    Necr           23%          96%         5
 Excruciating Wounds      Necr           11%          96%         5
 Call Canine Familiar     Summ           5%           98%         3
 Conjure Flame            Conj/Fire      5%           98%         3
 Frozen Ramparts          Ice            10%          98%         3
 Ignite Poison            Fire/Tmut/Pois 5%           98%         3
 Mephitic Cloud           Conj/Pois/Air  5%           98%         3
 Ozocubu's Armour         Ice            5%           98%         3
 Spider Form              Tmut/Pois      2%           98%         3
 Static Discharge         Conj/Air       5%           98%         3
 Metabolic Englaciation   Hex/Ice        9%           99%         5
 Invisibility             Hex            32%          99%         6
 Airstrike                Air            2%           100%        4
 Hailstorm                Conj/Ice       5%           100%        4
 Ice Form                 Ice/Tmut       5%           100%        4
 Olgreb's Toxic Radiance  Pois           5%           100%        4
 Summon Ice Beast         Ice/Summ       5%           100%        4
 Summon Lightning Spire   Summ/Air       5%           100%        4
 Alistair's Intoxication  Tmut/Pois      3%           100%        5
 Blade Hands              Tmut           2%           100%        5
 Bolt of Magma            Conj/Fire/Erth 2%           100%        5
 Borgnjor's Vile Clutch   Necr/Erth      7%           100%        5
 Fireball                 Conj/Fire      2%           100%        5
 Iskenderun's Battlesphe  Conj           5%           100%        5
 Lee's Rapid Deconstruct  Erth           2%           100%        5
 Lightning Bolt           Conj/Air       2%           100%        5
 Death Channel            Necr           11%          100%        6
 Freezing Cloud           Conj/Ice/Air   2%           100%        6
 Iron Shot                Conj/Erth      2%           100%        6
 Ozocubu's Refrigeration  Ice            2%           100%        6
 Simulacrum               Ice/Necr       7%           100%        6
 Starburst                Conj/Fire      2%           100%        6
 Haunt                    Necr/Summ      7%           100%        7
 Malign Gateway           Summ/Tloc      13%          100%        7
 Monstrous Menagerie      Summ           2%           100%        7
 Orb of Destruction       Conj           2%           100%        7
 Spellforged Servitor     Conj/Summ      2%           100%        7
 Summon Greater Demon     Summ           2%           100%        7
 Borgnjor's Revivificati  Necr           11%          100%        8
 Ignition                 Fire           2%           100%        8
 Infestation              Necr           11%          100%        8
 Necromutation            Tmut/Necr      7%           100%        8
 Summon Horrible Things   Summ           2%           100%        8
 Death's Door             Necr           11%          100%        9


Dungeon Overview and Level Annotations

Branches:
Dungeon (15/15)            Temple (1/1) D:4            Lair (6/6) D:10
  Swamp (4/4) Lair:3        Snake (4/4) Lair:3        Slime (5/5) Lair:6
    Orc (2/2) D:11            Elf (3/3) Orc:2        Vaults (5/5) D:14
  Crypt (3/3) Vaults:3       Tomb (0/3) Crypt:3      Depths (5/5) D:15
   Hell (visited)             Zot (5/5) Depths:5     Bailey (visited)
 WizLab (visited)         Gauntlet (visited)
    Dis: Hell:1         Geh: Hell:1         Coc: Hell:1         Tar: Hell:1

Altars:
Ashenzari
Cheibriados
Dithmenos
Elyvilon
Fedhas
Gozag
Hepliaklqana
Kikubaaqudgha
Makhleb
Nemelex Xobeh
Okawaru
Qazlal
Ru
Sif Muna
Trog
Uskayaw
Vehumet
Wu Jian
Xom
Yredelemnul
Zin
The Shining One

Shops:
D:6 *   Orc:2 }[}**   Elf:1 *([   Elf:2 [   Snake:2 =[   Snake:4 }}=
Vaults:1 [   Vaults:3 ?   Vaults:4 !   Vaults:5 [   Depths:1 =   Depths:5 =

Portals:
Hell: Depths:1 Depths:2 Depths:3 Depths:4 Depths:5
Abyss: Depths:2 Depths:4 Depths:5
Pandemonium: Orc:2 Depths:1 Depths:2 Depths:3 Depths:4
Ziggurat: Depths:5

Annotations:
D:12 exclusion: deep elf mage
Zot:1 1 runed translucent door, Icycared's ghost, master GrFi
Zot:4 1 runed translucent door, Muataran's ghost, veteran MiMo


Innate Abilities, Weirdness & Mutations

You are small and have problems with some larger weapons.
You are somewhat resistant to further mutation.


Message History

The gelid blood saint conjures a destructive force in the name of Makhleb!
The fireball explodes!
The fireball engulfs you. You resist.
The fireball explodes!
The fireball engulfs you! You resist.
You climb upwards.
There is a stone staircase leading down here.
Okay, then.
Unknown command.
Unknown command.
You feel yourself speed up.
(D) Dungeon (T) Temple (L) Lair (S) Swamp (P) Snake Pit (M) Slime Pits (O) Orcish Mines (E) Elven Halls (V) Vaults (C) Crypt (W) Tomb (U) Depths (H) Hell (Z) Zot
Where to? (* - list waypoints, Enter - D:1 @ (x,y), ? - help) HP restored.
Your extra speed is starting to run out.
You feel yourself slow down.
There is a staircase leading out of the dungeon here.
You can't go down here!
You have escaped!

##.#.#.## ##...##
##.## # #####.#
####...######
.##.###.##..######
##### ##.#.#.##..#
..#### #..###....#
##...###..#.###.@#
#.##.##.##.##....#
.####...##...##..#
## ##############
######..####....#
................#
#.###...........#
#.# ##...####..##
#.# ##.## #..##


There were no monsters in sight!

Vanquished Creatures
  the Royal Jelly (Slime:5)
  Dissolution (Slime:3)
  Mara (Snake:3)
  A juggernaut (Depths:4)
  Frederick (Crypt:3)
  Vashnia (Snake:4)
  6 caustic shrikes
  Geryon (Hell)
  A Hellbinder (WizLab)
  3 bone dragons
  7 golden dragons
  The ghost of TuffENuff the Warrior, an adept FoFi of Cheibriados (Snake:2)
  8 liches
  2 electric golems (Zot:1)
  15 tentacled monstrosities
  Rupert (D:14)
  6 Orb Guardians (Zot:5)
  Jorgrun (Orc:2)
  14 titans
  12 deep elf blademasters
  4 quicksilver dragons
  A shard shrike skeleton (Crypt:2)
  Asterion (Depths:1)
  23 acid blobs
  8 deep elf master archers
  6 ancient champions
  6 sphinxes
  2 tentacled starspawn (Abyss:3)
  11 storm dragons
  10 shadow dragons
  A draconian monk (Zot:4)
  4 death cobs
  Donald (Vaults:4)
  15 azure jellies
  23 fire giants
  4 revenants
  10 nagarajas
  7 tengu reavers
  2 draconian scorchers
  4 iron dragons
  21 frost giants
  8 deep elf sorcerers
  5 draconian knights
  2 ghost moths
  A cacodemon (WizLab)
  Louise (Depths:5)
  The ghost of Icun the Thaumaturge, a journeyman GnWr of Okawaru (Snake:2)
  2 draconian shifters (Zot:4)
  9 ironheart preservers
  An angel (Abyss:2)
  A draconian stormcaller (Zot:4)
  2 balrugs
  15 vault wardens
  2 ghouls
  A spriggan defender (Depths:3)
  8 deep elf elementalists
  7 draconian annihilators
  27 stone giants
  4 reapers
  3 curse skulls
  A blood saint (WizLab)
  4 war gargoyles
  18 very ugly things
  6 black draconians
  5 vampire knights
  11 green draconians
  9 deep elf annihilators
  4 entropy weavers
  6 deep elf demonologists
  11 white draconians
  10 purple draconians
  10 spark wasps
  2 minotaurs
  2 bunyips (Swamp:2)
  The ghost of Beischinu the Blocker, a journeyman MiFi of Okawaru (Lair:1)
  10 yellow draconians
  5 red draconians
  The ghost of emiel the Zephyrmancer, a journeyman TeAE of Ru (Lair:6)
  9 eleionomae
  10 ettins
  A merfolk javelineer (Depths:1)
  7 jiangshi
  2 eidola
  5 crystal guardians
  6 deep elf death magi
  3 merfolk impalers
  An eleionoma (shapeshifter) (Vaults:5)
  6 death oozes
  A green death (WizLab)
  9 fire dragons
  A mummy priest (Crypt:3)
  A quicksilver dragon zombie (Crypt:1)
  3 blizzard demons
  3 deep elf high priests
  7 rakshasas
  5 boulder beetles
  12 great orbs of eyes
  17 yaktaur captains
  Harold (D:11)
  24 hydras
  A shambling mangrove (Swamp:4)
  26 vault guards
  12 ice dragons
  19 naga warriors
  3 hell beasts
  4 spriggan air magi
  2 ghost crabs
  A catoblepas (D:11)
  14 centaur warriors
  11 anacondas
  A merfolk avatar (D:14)
  A queen ant (Lair:4)
  A fenstrider witch skeleton (Crypt:3)
  13 alligators
  The ghost of Jehan the Cleaver, a novice HOFi of Trog (D:9)
  28 dancing weapons
  A satyr (shapeshifter) (Vaults:5)
  4 death knights
  9 death yaks
  7 orc high priests (Orc:2)
  A satyr (Abyss:3)
  A thrashing horror (Abyss:3)
  8 deep troll earth magi
  7 deep troll shamans
  5 vampire magi
  43 two-headed ogres
  6 tengu warriors
  15 ogre magi
  4 hell hogs
  2 soul eaters
  9 shock serpents
  A storm dragon zombie (Vaults:4)
  4 spriggan berserkers
  Sonja (D:11)
  9 sun demons
  Nergalle (D:9)
  37 hell knights
  39 deep elf knights
  17 naga sharpshooters
  A titan skeleton (Vaults:4)
  An iron golem (Depths:1)
  6 skeletal warriors (Crypt:3)
  9 deep trolls
  A golden dragon zombie (Crypt:3)
  A wretched star (Abyss:2)
  4 salamander mystics
  4 sixfirhies
  4 iron trolls
  6 flayed ghosts
  A storm dragon skeleton (Crypt:3)
  2 spriggan druids (Swamp:4)
  6 unseen horrors
  5 glowing orange brains
  6 shadow wraiths
  A spatial maelstrom (Abyss:3)
  6 wizards
  An infernal demonspawn (Orc:2)
  8 goliath frogs
  An anaconda zombie (Hell)
  16 swamp dragons
  A deep troll (shapeshifter) (Depths:3)
  An orange crystal statue (Depths:2)
  12 starcursed masses
  Pikel (D:4)
  6 bog bodies
  3 naga ritualists
  2 gelid demonspawn (Orc:2)
  A large abomination (Abyss:3)
  An anaconda skeleton (Crypt:3)
  20 deep elf archers
  14 ironbrand convokers
  A harpy (shapeshifter) (Vaults:3)
  8 phantasmal warriors
  A tengu zombie (Vaults:3)
  17 orc knights
  18 necromancers
  3 will-o-the-wisps
  2 fire giant zombies
  6 orc sorcerers
  7 mana vipers
  An orb spider (shapeshifter) (Vaults:1)
  10 harpies
  5 wolf spiders
  A frost giant zombie (Hell)
  75 deep elf magi
  7 shining eyes
  48 ugly things
  A stone giant zombie (Vaults:4)
  2 manticores
  2 fire giant skeletons
  A frost giant skeleton (Hell)
  5 cyclopes
  Maurice (D:8)
  6 smoke demons
  3 stone giant skeletons (Crypt:3)
  17 moths of wrath
  6 rust devils
  A guardian serpent (shapeshifter) (Elf:1)
  An apocalypse crab (Abyss:3)
  4 guardian serpents (Snake:2)
  12 salamanders
  3 centaur zombies
  An elephant (shapeshifter) (Vaults:5)
  Psyche (D:8)
  22 naga magi
  3 elephants (Lair:6)
  37 black mambas
  35 cane toads
  3 gargoyles
  11 vault sentinels
  3 eyes of devastation
  A torpor snail (Lair:4)
  Maggie (D:8)
  4 orange demons
  3 efreet
  50 yaktaurs
  2 rime drakes (Lair:5)
  A white draconian zombie (Crypt:3)
  A yaktaur (shapeshifter) (Elf:2)
  2 rime drakes (shapeshifter)
  11 komodo dragons
  A grey draconian zombie (Crypt:3)
  A kobold demonologist (D:15)
  2 tormentors
  A harpy zombie (Crypt:1)
  A black draconian zombie (Crypt:3)
  6 freezing wraiths
  5 tengu conjurers
  A yaktaur skeleton (Vaults:2)
  5 hellwings (WizLab)
  6 guardian mummies (Crypt:3)
  A queen bee (shapeshifter) (Vaults:3)
  6 trolls
  A troll (shapeshifter) (Depths:3)
  A bloated husk (Swamp:1)
  A hornet (shapeshifter) (Vaults:2)
  18 hornets
  12 tyrant leeches
  6 red devils
  2 polar bears
  A meliai (shapeshifter) (Depths:1)
  A wind drake (shapeshifter) (Depths:2)
  A blink frog (shapeshifter) (Depths:2)
  A sphinx simulacrum (Vaults:3)
  A meliai zombie (Crypt:1)
  A raiju (shapeshifter) (Vaults:4)
  144 slime creatures
  2 ettin zombies
  A fire giant simulacrum (Vaults:4)
  31 blink frogs
  A fire dragon zombie (Hell)
  A slime creature (shapeshifter) (Depths:4)
  6 dream sheep
  A stone giant simulacrum (Vaults:3)
  5 raiju
  An ice dragon skeleton (Hell)
  20 flying skulls
  9 wraiths
  2 ettin skeletons
  2 shadows
  3 ynoxinuls
  13 spriggans
  16 humans (D:14)
  14 water elementals
  A hog (shapeshifter) (Vaults:2)
  6 wyverns
  A vampire (D:14)
  4 basilisks
  A wind drake zombie (Crypt:2)
  16 golden eyes
  A golden eye (shapeshifter) (Vaults:2)
  30 yaks
  16 vampire mosquitoes
  A neqoxec (WizLab)
  8 fire elementals
  2 chaos spawn (WizLab)
  Menkaure (D:4)
  A steam dragon (Lair:2)
  A two-headed ogre zombie (Crypt:2)
  3 wargs
  A spatial vortex (Abyss:3)
  65 nagas
  An acid dragon (shapeshifter) (D:15)
  An acid dragon (D:11)
  20 soldier ants
  16 swamp worms
  19 water moccasins
  4 hell hounds (Depths:1)
  A floating eye (Slime:3)
  A deep troll skeleton (Crypt:2)
  6 swamp drakes (Swamp:4)
  An ice dragon simulacrum (Abyss:3)
  5 black bears
  An eye of draining (shapeshifter) (D:11)
  6 ice beasts
  4 small abominations
  6 eyes of draining
  50 orc warriors
  A cane toad skeleton (Hell)
  5 sky beasts
  4 phantoms
  A tengu (shapeshifter) (Elf:1)
  30 ogres
  A boggart (Vaults:3)
  21 centaurs
  2 necrophages (Crypt:1)
  16 wolves
  2 elf zombies
  A lemure (D:4)
  2 elf skeletons (Vaults:3)
  A human skeleton (Vaults:2)
  A rime drake skeleton (Crypt:2)
  30 bullfrogs
  5 human zombies
  A cyclops zombie (Crypt:2)
  4 big kobolds
  A wyvern zombie (D:9)
  2 earth elementals
  An elf simulacrum (Vaults:1)
  7 scorpions
  A wyvern skeleton (D:14)
  A yak zombie (Crypt:3)
  A spriggan skeleton (Crypt:1)
  13 wights
  2 electric eels
  12 howler monkeys
  10 killer bees (D:10)
  A human simulacrum (Vaults:3)
  2 bullfrog zombies
  A quasit (Depths:2)
  A centaur skeleton (Crypt:3)
  9 hounds
  5 jellies
  A bullfrog skeleton (D:6)
  29 orc priests
  3 iron imps
  19 orc wizards
  6 iguanas
  A demonspawn skeleton (Crypt:2)
  25 worker ants
  4 hell rats
  An ogre zombie (Crypt:3)
  A deep dwarf skeleton (Crypt:3)
  7 gnolls
  A howler monkey skeleton (D:8)
  15 adders
  A shadow imp (D:5)
  4 white imps
  3 ufetubi
  An ooze (D:1)
  2 adder skeletons (D:7)
  3 worms
  6 leopard geckos
  105 orcs
  6 bats
  A giant cockroach (D:5)
  5 goblins
  5 hobgoblins (D:1)
  17 jackals
  16 kobolds
  3 quokkas
  A ball python (D:2)
  A dart slug zombie (Crypt:1)
  2 frilled lizards
  A gnoll skeleton (Crypt:3)
  An orc skeleton (Crypt:3)
  4 quokka skeletons
  A quokka zombie (Crypt:1)
  7 rats
  2 starspawn tentacles (Abyss:3)
2751 creatures vanquished.

Vanquished Creatures (collateral kills)
  An ancient lich (Crypt:3)
  the Lernaean hydra (Swamp:4)
  An electric golem (Zot:5)
  2 liches (Crypt:3)
  2 Orb Guardians (Zot:5)
  A deep elf blademaster (Elf:3)
  A deep elf elementalist (Elf:3)
  Aizul (Snake:3)
  A swamp dragon (Swamp:4)
  A bog body (Crypt:3)
  An orc knight (Vaults:1)
  2 salamanders (Snake:2)
  3 black mambas
  A stone giant skeleton (Crypt:3)
  A guardian serpent (Snake:3)
  A naga mage (Snake:4)
  A naga (Snake:1)
  2 swamp drakes (Swamp:4)
  An orc (Vaults:1)
25 creatures vanquished.

Vanquished Creatures (others)
  A death cob (Zot:5)
  An ironheart preserver (Vaults:5)
  A vampire knight (Depths:5)
  A naga warrior (Snake:1)
  An ice dragon (D:15)
  A deep elf knight (Zot:3)
  A deep elf archer (Zot:4)
  A deep elf mage (Vaults:3)
  An ice devil (Hell)
  A hornet (Swamp:1)
  A hydra skeleton (Hell)
  The ghost of Dirian the Shield-Bearer, an amateur MiFi (D:2)
  A centaur (Depths:1)
  A starcursed mass (Abyss:3)
  A hell rat (Hell)
  An orc (Orc:2)
  18 demonic plants (Gauntlet)
  6 foxfires
  40 fungi
  A lurking horror (Abyss:3)
  170 plants
  2 withered plants (Gauntlet)
253 creatures vanquished.

Grand Total: 3029 creatures vanquished

Notes
Turn   | Place    | Note
-------+----------+-------------------------------------------
     0 | D:1      | Flubr the Halfling Hunter began the quest for the Orb.
     0 | D:1      | Reached XP level 1. HP: 14/14 MP: 1/1
   207 | D:1      | Reached skill level 6 in Slings
   227 | D:1      | Reached XP level 2. HP: 12/19 MP: 2/2
   677 | D:1      | Reached XP level 3. HP: 25/25 MP: 3/3
  1139 | D:2      | Reached skill level 3 in Fighting
  1363 | D:2      | Reached skill level 1 in Shields
  1363 | D:2      | Reached XP level 4. HP: 31/31 MP: 4/4
  1933 | D:2      | Reached XP level 5. HP: 31/36 MP: 5/5
  2930 | D:3      | Found a white marble altar of Elyvilon.
  3288 | D:4      | You fall into a shaft and drop 1 floor!
  3288 | D:5      | Entered Level 5 of the Dungeon
  3397 | D:5      | Noticed a phantom
  3406 | D:5      | Found a bloodstained altar of Trog.
  3408 | D:5      | Reached skill level 3 in Shields
  3420 | D:4      | Reached XP level 6. HP: 30/43 MP: 6/6
  4059 | D:4      | Noticed Menkaure
  4070 | D:4      | Killed Menkaure
  4071 | D:4      | Reached XP level 7. HP: 28/49 MP: 4/7
  4430 | D:4      | Found a runed translucent door.
  4430 | D:4      | Noticed Dirian's ghost (amateur MiFi)
  4570 | D:4      | Noticed Pikel
  4614 | D:4      | Killed Pikel
  4615 | D:4      | Reached XP level 8. HP: 40/55 MP: 5/8
  4744 | D:4      | Found a staircase to the Ecumenical Temple.
  5055 | Temple   | Entered the Ecumenical Temple
  5283 | Temple   | Became a worshipper of Warmaster Okawaru
  6091 | D:5      | Reached skill level 12 in Slings
  6526 | D:5      | Reached XP level 9. HP: 61/61 MP: 9/9
  6530 | D:5      | Reached * piety under Okawaru
  7007 | D:6      | Identified Puischyfa's Tome of Ashen Orientation
  7496 | D:6      | Found a sparkling altar of Nemelex Xobeh.
  7704 | D:6      | Found Nofekem's General Store.
  7707 | D:6      | Bought a potion of curing for 36 gold pieces
  7707 | D:6      | Bought 2 scrolls of magic mapping for 84 gold pieces
  7707 | D:6      | Bought a +2 buckler of reflection for 222 gold pieces
  7707 | D:6      | Bought a scroll of remove curse for 36 gold pieces
  7707 | D:6      | Bought 20 sling bullets for 120 gold pieces
  7859 | D:5      | Learned a level 2 spell: Blink
  8181 | D:6      | Found a glowing golden altar of the Shining One.
  8429 | D:7      | Reached skill level 1 in Translocations
  8803 | D:6      | Reached ** piety under Okawaru
  9406 | D:7      | Reached skill level 3 in Translocations
  9406 | D:7      | Reached XP level 10. HP: 66/66 MP: 10/10
  9706 | D:8      | Reached skill level 1 in Invocations
  9729 | D:8      | Reached skill level 1 in Spellcasting
  9823 | D:8      | Reached skill level 2 in Invocations
  9974 | D:8      | Noticed a two-headed ogre
 10055 | D:8      | Noticed Maggie
 10074 | D:8      | Killed Maggie
 10074 | D:8      | Reached *** piety under Okawaru
 10075 | D:8      | Reached skill level 6 in Fighting
 10075 | D:8      | Reached skill level 3 in Invocations
 10479 | D:8      | Noticed Maurice
 10606 | D:8      | Killed Maurice
 10607 | D:8      | Reached skill level 4 in Invocations
 10681 | D:8      | Noticed Psyche
 10854 | D:9      | Found a runed translucent door.
 10854 | D:9      | Found a shimmering altar of Xom.
 10854 | D:9      | Noticed Jehan's ghost (novice HOFi)
 11328 | D:9      | Reached **** piety under Okawaru
 11611 | D:9      | Noticed a +1 flail of chaos
 11615 | D:9      | Got a shadowed robe
 11699 | D:10     | Entered Level 10 of the Dungeon
 11699 | D:10     | Noticed Nergalle
 11699 | D:10     | Noticed a gargoyle
 11897 | D:9      | Identified the +0 robe "Sesuf" {Regen+} (You found it on
                  | level 9 of the Dungeon)
 11971 | D:10     | Reached XP level 11. HP: 76/77 MP: 14/14
 12073 | D:10     | Reached skill level 1 in Evocations
 12441 | D:10     | Killed an unseen horror
 12494 | D:9      | Reached skill level 6 in Translocations
 12662 | D:10     | Found a staircase to the Lair.
 12767 | D:10     | Reached ***** piety under Okawaru
 13084 | Lair:1   | Entered Level 1 of the Lair of Beasts
 13212 | Lair:1   | Reached skill level 3 in Evocations
 13227 | Lair:1   | Received a gift from Okawaru
 13248 | Lair:1   | Reached skill level 9 in Fighting
 13281 | Lair:1   | Reached skill level 1 in Armour
 13535 | Lair:1   | Found a runed translucent gate.
 13535 | Lair:1   | Found a runed translucent gate.
 13535 | Lair:1   | Found a runed translucent gate.
 13609 | Lair:1   | Received a gift from Okawaru
 13644 | Lair:1   | Noticed Beischinu's ghost (journeyman MiFi)
 13720 | Lair:1   | Reached skill level 3 in Dodging
 13913 | Lair:1   | Noticed a minotaur
 14261 | Lair:2   | Reached XP level 12. HP: 75/86 MP: 15/15
 14370 | Lair:2   | Reached skill level 15 in Slings
 14392 | Lair:2   | Received a gift from Okawaru
 14521 | Lair:2   | Reached skill level 5 in Invocations
 14614 | Lair:2   | Reached skill level 3 in Armour
 14994 | Lair:2   | Reached skill level 6 in Invocations
 15655 | Lair:2   | Received a gift from Okawaru
 16487 | Lair:3   | Reached skill level 6 in Dodging
 16620 | Lair:3   | Found a staircase to the Swamp.
 16699 | Lair:3   | Found a staircase to the Snake Pit.
 16730 | Lair:3   | Received a gift from Okawaru
 17702 | Lair:4   | Reached skill level 6 in Armour
 17849 | Lair:4   | Noticed a seven-headed hydra
 17862 | Lair:4   | Killed a seven-headed hydra
 17863 | Lair:4   | Reached XP level 13. HP: 93/93 MP: 13/17
 19057 | Lair:5   | Learned a level 4 spell: Passage of Golubria
 19660 | Lair:5   | Noticed an eight-headed hydra
 19761 | Lair:5   | Received a gift from Okawaru
 19793 | Lair:5   | Killed an eight-headed hydra
 19941 | Lair:5   | Got a dazzling cloak
 19952 | Lair:5   | Identified the cursed -5 cloak of the Cooper {*Corrode rF+
                  | rN+ Dex+3} (You found it on level 5 of the Lair of Beasts)
 20208 | Lair:6   | Entered Level 6 of the Lair of Beasts
 20208 | Lair:6   | Found a runed translucent door.
 20208 | Lair:6   | Found a shimmering altar of Xom.
 20208 | Lair:6   | Noticed emiel's ghost (journeyman TeAE)
 20276 | Lair:6   | Received a gift from Okawaru
 20549 | Lair:5   | Reached skill level 9 in Dodging
 20886 | Lair:4   | Reached skill level 9 in Armour
 21776 | Lair:5   | Reached XP level 14. HP: 90/101 MP: 18/18
 21919 | Lair:5   | Noticed an entropy weaver
 22712 | Lair:5   | Noticed an entropy weaver
 22857 | Lair:5   | Killed an entropy weaver
 23172 | Lair:6   | Reached skill level 12 in Fighting
 23417 | Lair:6   | Received a gift from Okawaru
 24098 | Lair:6   | Received a gift from Okawaru
 24681 | D:9      | Received a gift from Okawaru
 24733 | D:7      | Learned a level 3 spell: Portal Projectile
 24935 | D:11     | Noticed Sonja
 24953 | D:11     | Noticed Harold
 25000 | D:11     | Killed Harold
 25396 | Lair:6   | Found a staircase to the Slime Pits.
 25733 | Lair:6   | Received a gift from Okawaru
 25734 | Lair:6   | Reached skill level 1 in Hexes
 26044 | Lair:6   | Got a steaming robe
 26045 | Lair:6   | Identified the cursed +0 robe of Kuol {rPois Int+4} (You
                  | found it on level 6 of the Lair of Beasts)
 26066 | Lair:6   | Got a brightly glowing quick blade
 26067 | Lair:6   | Identified the +8 quick blade "Jeuph" {distort, Stlth+}
                  | (You found it on level 6 of the Lair of Beasts)
 27136 | D:11     | Found a portal to a secret trove of treasure.
 27194 | D:11     | Reached XP level 15. HP: 111/111 MP: 19/19
 27257 | D:11     | Reached skill level 3 in Stealth
 27415 | D:11     | Killed Sonja
 27587 | D:11     | Found a staircase to the Orcish Mines.
 28650 | D:11     | Received a gift from Okawaru
 30058 | D:12     | Received a gift from Okawaru
 30433 | Orc:1    | Entered Level 1 of the Orcish Mines
 30440 | Orc:1    | Found a flagged portal.
 30449 | Bailey   | Entered a bailey
 30510 | Bailey   | Reached skill level 3 in Hexes
 30963 | D:11     | Received a gift from Okawaru
 31474 | Orc:2    | Entered Level 2 of the Orcish Mines
 31474 | Orc:2    | Found a staircase to the Elven Halls.
 31482 | Orc:2    | Found a gate leading to a gauntlet.
 31505 | Gauntlet | Entered a Gauntlet
 31505 | Gauntlet | Found a transporter.
 31514 | Gauntlet | Found a transporter.
 31529 | Gauntlet | Found a transporter.
 31537 | Gauntlet | Found a transporter.
 31558 | Gauntlet | Found a transporter.
 31571 | Gauntlet | Found a transporter.
 31583 | Gauntlet | Found a transporter.
 31588 | Gauntlet | Found a transporter.
 31590 | Gauntlet | Found a transporter.
 31615 | Gauntlet | Found a transporter.
 31620 | Gauntlet | Found a transporter.
 31624 | Gauntlet | Found a transporter.
 31651 | Gauntlet | Found a transporter.
 31656 | Gauntlet | Found a transporter.
 31658 | Gauntlet | Found a transporter.
 31681 | Gauntlet | Found a transporter.
 31686 | Gauntlet | Found a transporter.
 31735 | Gauntlet | Found a transporter.
 32016 | Gauntlet | Reached skill level 3 in Spellcasting
 32326 | Gauntlet | Reached skill level 9 in Translocations
 32418 | Gauntlet | Identified the +7 flail of Infinite Pain {vorpal, Str+2
                  | Int+3}
 32458 | Gauntlet | Found the +4 dagger "Morg" {pain, Will+ Int+5}
 32467 | Gauntlet | Learned a level 3 spell: Tukima's Dance
 32750 | Orc:2    | Found Vecwoble's Gadget Boutique.
 32890 | Orc:2    | Noticed Jorgrun
 32915 | Orc:2    | Killed Jorgrun
 33411 | Orc:2    | Found Xomaib's General Store.
 33520 | Orc:2    | Found Mianagor's General Store.
 33978 | Orc:2    | Received a gift from Okawaru
 34464 | Orc:2    | Reached XP level 16. HP: 115/119 MP: 2/22
 34903 | Orc:2    | Reached skill level 6 in Stealth
 35267 | Orc:2    | Received a gift from Okawaru
 35613 | Orc:2    | Reached skill level 7 in Invocations
 35882 | Orc:2    | Found Irunaic's Antique Armour Shop.
 35882 | Orc:2    | Found a one-way gate leading to the halls of Pandemonium.
 35882 | Orc:2    | Found Tuuficos's Gadget Boutique.
 35888 | Orc:2    | Bought a pair of pitted boots for 351 gold pieces
 35898 | Orc:2    | Identified the cursed +0 pair of boots of Eternal Vigilance
                  | {rPois Regen+ Dex+4} (You bought it in a shop on level 2 of
                  | the Orcish Mines)
 35898 | Orc:2    | Bought a spiked ring mail for 333 gold pieces
 35908 | Orc:2    | Identified the cursed +1 ring mail "Xaro" {Will+ Int-5
                  | Dex+2 Stlth+} (You bought it in a shop on level 2 of the
                  | Orcish Mines)
 36127 | Orc:2    | Bought a scroll of blinking for 75 gold pieces
 36129 | Orc:2    | Bought a scroll of identify for 30 gold pieces
 36129 | Orc:2    | Bought a scroll of fog for 30 gold pieces
 36341 | D:9      | Killed Nergalle
 36546 | D:8      | Killed Psyche
 36546 | D:8      | Received a gift from Okawaru
 38564 | D:14     | Reached skill level 6 in Evocations
 38732 | D:14     | Found a runed translucent door.
 38744 | D:14     | Found a runed translucent door.
 38744 | D:14     | Found a runed translucent door.
 38835 | D:14     | Found a gate to the Vaults.
 38925 | D:14     | Received a gift from Okawaru
 38926 | D:14     | Got a bloodstained lajatang {god gift}
 38932 | D:14     | Identified the +0 lajatang "Gaskubre" {god gift, freeze,
                  | rC- Dex+2 Stlth+} (Okawaru gifted it to you on level 14 of
                  | the Dungeon)
 39139 | D:14     | Noticed Rupert
 39302 | D:14     | Found a blossoming altar of Fedhas.
 39386 | D:14     | Killed Rupert
 39387 | D:14     | Reached skill level 8 in Invocations
 40594 | D:15     | Entered Level 15 of the Dungeon
 40805 | D:14     | Reached XP level 17. HP: 126/126 MP: 15/24
 40810 | D:14     | Received a gift from Okawaru
 41424 | D:15     | Reached skill level 15 in Fighting
 41465 | D:15     | Found a bloodstained altar of Trog.
 41528 | D:15     | Learned a level 1 spell: Animate Skeleton
 41934 | D:15     | Identified the +5 hand axe of Chance {holy, rElec rC- Int+9
                  | SInv} (You found it on level 15 of the Dungeon)
 41965 | D:15     | Reached skill level 1 in Necromancy
 42062 | D:15     | Identified a scroll of acquirement
 42160 | D:15     | Received a gift from Okawaru
 42175 | D:15     | Identified the +6 broad axe of the Endless Expanse {vorpal,
                  | Str+4 Dex+3} (You found it on level 15 of the Dungeon)
 42378 | D:15     | Found a staircase to the Depths.
 42771 | Lair:5   | Acquired the amulet of Xudev {Reflect *Contam rElec rF+++
                  | Dex-4 SH+5}
 42879 | Snake:1  | Entered Level 1 of the Snake Pit
 43009 | Snake:1  | Reached skill level 3 in Necromancy
 43243 | Snake:1  | Found a transporter.
 43429 | Snake:1  | Found a glowing silver altar of Zin.
 43517 | Snake:1  | Noticed TuffENuff's ghost (adept FoFi)
 43518 | Snake:1  | Found a transporter.
 43754 | Snake:1  | Got a shimmering mace
 43755 | Snake:1  | Identified the +3 mace of Conscience {chaos, rElec rPois
                  | rF+ Will-} (You found it on level 1 of the Snake Pit)
 43787 | Snake:1  | Received a gift from Okawaru
 44432 | Snake:2  | Found a transporter.
 44446 | Snake:2  | Noticed Icun's ghost (journeyman GnWr)
 44471 | Snake:2  | Found a transporter.
 44580 | Snake:2  | Received a gift from Okawaru
 44934 | Snake:2  | Found Kelastu's Antique Armour Shoppe.
 44934 | Snake:2  | Found Utuethremp's Jewellery Emporium.
 45478 | Snake:2  | Bought an embroidered hat for 238 gold pieces
 45835 | Snake:2  | Reached skill level 6 in Necromancy
 46720 | Snake:3  | Received a gift from Okawaru
 46721 | Snake:3  | Reached XP level 18. HP: 123/135 MP: 25/25
 46737 | Snake:3  | Got a translucent fustibalus {god gift}
 46738 | Snake:3  | Identified the +12 fustibalus of Evil {god gift, speed,
                  | Will- Int+4 Dex+6} (Okawaru gifted it to you on level 3 of
                  | the Snake Pit)
 46761 | Snake:3  | Noticed Aizul
 46889 | Snake:3  | Killed Aizul
 46890 | Snake:3  | Reached skill level 6 in Hexes
 46903 | Snake:3  | Noticed Mara
 47286 | Snake:4  | Entered Level 4 of the Snake Pit
 47297 | Snake:4  | Received a gift from Okawaru
 47303 | Snake:3  | Reached ****** piety under Okawaru
 47353 | Snake:3  | Killed Mara
 48543 | Snake:4  | Noticed Vashnia
 48587 | Snake:4  | Killed Vashnia
 48587 | Snake:4  | Received a gift from Okawaru
 48623 | Snake:4  | Reached skill level 9 in Evocations
 48769 | Snake:4  | Received a gift from Okawaru
 49176 | Snake:4  | Reached XP level 19. HP: 138/143 MP: 26/26
 49234 | Snake:4  | Received a gift from Okawaru
 49278 | Snake:4  | Found Kuhamol's Gadget Boutique.
 49279 | Snake:4  | Found Feut's Jewellery Shoppe.
 49280 | Snake:4  | Found Huck's Gadget Boutique.
 49408 | Snake:4  | Received a gift from Okawaru
 49591 | Snake:4  | Received a gift from Okawaru
 49961 | Snake:4  | Got a serpentine rune of Zot
 50037 | Snake:4  | Bought a wand of acid (9) for 338 gold pieces
 50037 | Snake:4  | Bought a wand of acid (9) for 338 gold pieces
 50387 | Snake:4  | Bought an uncursed ring of see invisible for 300 gold
                  | pieces
 50779 | Snake:2  | Bought an uncursed ring of resist corrosion for 280 gold
                  | pieces
 50869 | Swamp:1  | Entered Level 1 of the Swamp
 51038 | Swamp:1  | Reached skill level 9 in Stealth
 51889 | Swamp:2  | Identified the +5 scale mail of Kleptomania {Int+4} (You
                  | found it on level 2 of the Swamp)
 52533 | Swamp:2  | Received a gift from Okawaru
 52817 | Swamp:3  | Reached skill level 12 in Dodging
 53042 | Swamp:3  | Received a gift from Okawaru
 53083 | Swamp:3  | Reached skill level 12 in Armour
 53393 | Swamp:3  | Reached XP level 20. HP: 151/151 MP: 27/27
 53743 | Swamp:4  | Entered Level 4 of the Swamp
 54627 | Swamp:4  | Noticed the 27-headed Lernaean hydra
 54637 | Swamp:4  | Killed the 27-headed Lernaean hydra
 54637 | Swamp:4  | Received a gift from Okawaru
 54691 | Swamp:4  | Learned a level 1 spell: Apportation
 54798 | Swamp:4  | Received a gift from Okawaru
 54891 | Swamp:4  | Got a decaying rune of Zot
 55293 | D:9      | Killed Jehan's ghost
 55447 | Lair:1   | Killed Beischinu's ghost
 55715 | Lair:6   | Received a gift from Okawaru
 55831 | Lair:6   | Killed emiel's ghost
 56390 | Snake:2  | Killed Icun's ghost
 56499 | Snake:2  | Killed TuffENuff's ghost
 56499 | Snake:2  | Received a gift from Okawaru
 56737 | Snake:2  | Got a heavily runed plate armour
 56743 | Snake:2  | Identified the +11 plate armour of Kikubaaqudgha's Fury
                  | {Harm} (You found it on level 2 of the Snake Pit)
 57018 | Vaults:1 | Entered Level 1 of the Vaults
 57124 | Vaults:1 | Received a gift from Okawaru
 57227 | Vaults:1 | You fall into a shaft and drop 1 floor!
 57297 | Vaults:2 | Reached XP level 21. HP: 158/158 MP: 28/28
 57422 | Vaults:1 | Received a gift from Okawaru
 57428 | Vaults:1 | Got a fading buckler {god gift}
 57463 | Vaults:1 | Reached skill level 18 in Fighting
 57486 | Vaults:1 | Found Erghofikh's Antique Armour Shoppe.
 57494 | Vaults:1 | Bought an encrusted scale mail for 171 gold pieces
 57504 | Vaults:1 | Identified the +8 scale mail of Eptupra {Harm rCorr Str+4}
                  | (You bought it in a shop on level 1 of the Vaults)
 57544 | Vaults:1 | Identified the +3 buckler of Hizoh {god gift, *Slow +Fly
                  | rCorr Dex+4} (Okawaru gifted it to you on level 1 of the
                  | Vaults)
 58444 | Vaults:1 | You fall into a shaft and drop 1 floor!
 59582 | Vaults:2 | Acquired 665 gold pieces
 60079 | Vaults:2 | Received a gift from Okawaru
 60193 | Vaults:3 | Reached skill level 15 in Dodging
 60225 | Vaults:3 | Received a gift from Okawaru
 60254 | Vaults:2 | Gained mutation: Scrolls take you a little longer to read.
                  | [mutagenic glow]
 61011 | Vaults:3 | Reached skill level 15 in Armour
 61308 | Vaults:3 | Reached XP level 22. HP: 167/167 MP: 29/29
 61569 | Vaults:3 | Received a gift from Okawaru
 61639 | Vaults:3 | Found a staircase to the Crypt.
 62365 | Vaults:3 | Found Sucaeh's Magic Scroll Shop.
 62373 | Vaults:3 | Bought a scroll of fear for 73 gold pieces
 62373 | Vaults:3 | Bought 3 scrolls of teleportation for 189 gold pieces
 62373 | Vaults:3 | Bought a scroll of fog for 42 gold pieces
 62373 | Vaults:3 | Bought a scroll of fear for 73 gold pieces
 62525 | Vaults:3 | Found a transporter.
 62594 | Vaults:3 | Found a transporter.
 62966 | Vaults:4 | Found Pezug's Distillery.
 62975 | Vaults:4 | Bought a potion of resistance for 120 gold pieces
 62975 | Vaults:4 | Bought a potion of heal wounds for 60 gold pieces
 62975 | Vaults:4 | Bought a potion of curing for 36 gold pieces
 62975 | Vaults:4 | Bought a potion of curing for 36 gold pieces
 63099 | Vaults:4 | Noticed Donald
 63242 | Vaults:4 | Killed Donald
 63692 | Vaults:4 | Received a gift from Okawaru
 63827 | Vaults:4 | Received a gift from Okawaru
 64199 | Vaults:4 | Reached XP level 23. HP: 174/174 MP: 30/30
 65440 | Vaults:3 | Noticed a golden dragon
 65443 | Vaults:3 | Noticed a golden dragon
 65478 | Vaults:3 | Killed a golden dragon
 65534 | Vaults:3 | Killed a golden dragon
 65534 | Vaults:3 | Received a gift from Okawaru
 65880 | Vaults:3 | Identified the ring "Yskurade" {rF+ rC+ Int-5 SInv} (You
                  | found it on level 3 of the Vaults)
 65892 | Vaults:3 | Identified the ring of Charity {*Slow rElec rN+ Will+} (You
                  | found it on level 3 of the Vaults)
 66060 | Depths:1 | Entered Level 1 of the Depths
 66165 | Depths:1 | Received a gift from Okawaru
 66168 | Depths:1 | Got a heavily runed hat {god gift}
 66204 | D:15     | Identified the +0 hat "Zounol" {god gift, Harm Dex+2 SInv}
                  | (Okawaru gifted it to you on level 1 of the Depths)
 66238 | Depths:1 | Found a gateway to Hell.
 66525 | Orc:2    | Bought 12 sling bullets for 90 gold pieces
 66525 | Orc:2    | Bought 19 sling bullets for 142 gold pieces
 67157 | Depths:1 | Reached XP level 24. HP: 174/184 MP: 30/30
 67552 | Depths:1 | Found Firaxkay's Jewellery Shoppe.
 67659 | Depths:1 | Noticed Asterion
 67683 | Depths:1 | Killed Asterion
 68130 | Depths:2 | Received a gift from Okawaru
 68206 | Depths:2 | Got a spiked buckler {god gift}
 68454 | Depths:2 | Found a one-way gate to the infinite horrors of the Abyss.
 68557 | Depths:2 | Identified the +2 buckler of Irirchykh {god gift, rC+ rN+
                  | Str-2 SInv} (Okawaru gifted it to you on level 2 of the
                  | Depths)
 68651 | Depths:2 | Got a dazzling ring mail
 69296 | Depths:2 | Found a runed translucent door.
 69332 | Depths:2 | Identified the +1 ring mail "Duodougoce" {Str+2} (You found
                  | it on level 2 of the Depths)
 69809 | Depths:2 | Reached skill level 18 in Dodging
 70200 | Depths:2 | Acquired the +0 helmet of the Moon Troll {*Drain rC+++
                  | rCorr Str-4}
 70318 | Depths:2 | Received a gift from Okawaru
 70641 | Depths:3 | Reached skill level 6 in Spellcasting
 70654 | Depths:3 | Reached skill level 21 in Fighting
 70654 | Depths:3 | Reached skill level 18 in Armour
 71280 | Depths:3 | Reached XP level 25. HP: 192/192 MP: 32/32
 71885 | Depths:3 | Reached skill level 12 in Translocations
 72269 | Depths:4 | Got an encrusted plate armour
 72272 | Depths:4 | Identified the +7 plate armour "Reuduuff" {+Inv Int-3 Dex-5
                  | Slay+4} (You found it on level 4 of the Depths)
 72705 | Depths:4 | Received a gift from Okawaru
 72864 | Depths:4 | Got a scorched hunting sling {god gift}
 73039 | Depths:4 | Noticed a caustic shrike
 73055 | Depths:4 | Killed a caustic shrike
 73581 | Depths:4 | Identified the +3 hunting sling "Pendulum" {god gift,
                  | vorpal, Str+2} (Okawaru gifted it to you on level 4 of the
                  | Depths)
 73795 | Depths:4 | Noticed a juggernaut
 73835 | Depths:4 | Killed a juggernaut
 73835 | Depths:4 | Received a gift from Okawaru
 74040 | Depths:4 | Received a gift from Okawaru
 74532 | Depths:4 | Found the +9 scales of the Dragon King {rPois rF+ rC+
                  | Will+}
 74673 | Depths:5 | Entered Level 5 of the Depths
 74739 | Depths:4 | Received a gift from Okawaru
 75018 | Depths:5 | Found Sailiph's Jewellery Emporium.
 75061 | Depths:5 | Bought the ring of Myzxija {rPois rF+ Will++} for 890 gold
                  | pieces
 75194 | Depths:5 | Received a gift from Okawaru
 75347 | Depths:5 | Got a slimy leather armour
 75350 | Depths:5 | Identified the cursed +0 leather armour "Rarpho" {rPois rN+
                  | Stlth+} (You found it on level 5 of the Depths)
 75374 | Depths:5 | Noticed a caustic shrike
 75375 | Depths:5 | Noticed a caustic shrike
 75378 | Depths:5 | Noticed a caustic shrike
 75380 | Depths:5 | Noticed a caustic shrike
 75381 | Depths:5 | Noticed a caustic shrike
 75397 | Depths:4 | Killed a caustic shrike
 75526 | Depths:5 | Killed a caustic shrike
 75598 | Depths:5 | Reached XP level 26. HP: 199/199 MP: 32/32
 76292 | Depths:4 | Received a gift from Okawaru
 76743 | Depths:5 | Noticed Louise
 76818 | Depths:5 | Killed Louise
 76938 | Depths:5 | Found a gate to the Realm of Zot.
 77026 | Depths:5 | Found a gateway to a ziggurat.
 77470 | Elf:1    | Entered Level 1 of the Elven Halls
 77508 | Elf:1    | Found a radiant altar of Vehumet.
 78228 | Elf:1    | Found Eghoapperi's General Store.
 78232 | Elf:1    | Found Kaheig's Weapon Emporium.
 78233 | Elf:1    | Found Ycontuan's Antique Armour Shoppe.
 78739 | Elf:2    | Found a runed translucent gate.
 78741 | Elf:2    | Found a runed translucent gate.
 78755 | Elf:2    | Found a runed translucent gate.
 78986 | Elf:2    | Found Fecsutes's Antique Armour Boutique.
 79266 | Elf:2    | Received a gift from Okawaru
 79307 | Elf:2    | Got a distressingly furry cloak {god gift}
 79670 | Elf:2    | Reached skill level 12 in Stealth
 79778 | Elf:2    | Identified the +2 cloak of Okawaru's Vengeance {god gift,
                  | Will++ MP-9 Dex+7} (Okawaru gifted it to you on level 2 of
                  | the Elven Halls)
 79834 | Elf:3    | Entered Level 3 of the Elven Halls
 80343 | Elf:3    | Reached XP level 27. HP: 159/207 MP: 1/32
 80394 | Elf:3    | Identified the +11 hand axe of Yxziasoo {flame, Str+4 Int+4
                  | SInv}
 80592 | Elf:3    | Identified the +1 robe "Divviha" {Harm rElec rC++ Str-3}
 80631 | Elf:3    | Identified the amulet of Divine Intervention {RegenMP rPois
                  | rC+ Dex+4}
 80969 | Elf:3    | Identified the +6 scimitar "Ifod" {vorpal, *Rage rN+ Int+3
                  | SInv}
 81090 | Elf:3    | Identified the cursed +0 ring mail of Life {Str+4 Int-3}
 81782 | Elf:3    | Got a transparent cloak
 81785 | Elf:3    | Identified the +1 cloak "Pon Toimn" {rCorr Str+3} (You
                  | found it on level 3 of the Elven Halls)
 81787 | Elf:3    | Got a brightly glowing dagger
 81790 | Elf:3    | Identified the +1 dagger of Nizyhiq {speed, +Blink +Fly
                  | Stlth+} (You found it on level 3 of the Elven Halls)
 81807 | Elf:3    | Identified the Guide on the Ghastly Arsonist
 82181 | Elf:1    | Bought a scroll of acquirement for 520 gold pieces
 82181 | Elf:1    | Bought 2 curare-tipped darts for 12 gold pieces
 82181 | Elf:1    | Bought a scroll of magic mapping for 35 gold pieces
 82216 | Elf:2    | Bought a smouldering hat for 279 gold pieces
 82218 | Elf:2    | Identified the +5 hat of the Aged Realms {Int+2} (You
                  | bought it in a shop on level 2 of the Elven Halls)
 82541 | Vaults:5 | Entered Level 5 of the Vaults
 82946 | Vaults:4 | Reached skill level 9 in Invocations
 83047 | Vaults:4 | Received a gift from Okawaru
 83059 | Vaults:4 | Got a garnet-encrusted scale mail {god gift}
 83318 | Vaults:4 | Identified the +4 scale mail of Citeos {god gift, +Blink}
                  | (Okawaru gifted it to you on level 4 of the Vaults)
 83412 | Vaults:5 | Found the +3 salamander hide armour {Flames rF++ rC--}
 83456 | Vaults:5 | Identified the amulet of Law {Faith rElec rN+ Dex-4}
 83574 | Vaults:5 | Reached skill level 10 in Invocations
 83699 | Vaults:5 | Noticed a shard shrike
 83904 | Vaults:5 | Reached skill level 9 in Hexes
 84126 | Vaults:5 | Found the +8 orange crystal plate armour {Archmagi, Int+3
                  | Clar}
 84187 | Vaults:5 | Got a bronze leather armour
 84190 | Vaults:5 | Identified the +1 leather armour "Earthly Heaven" {-Tele
                  | Rampage rC+ Int+3} (You found it on level 5 of the Vaults)
 84370 | Vaults:5 | Got a clouded pewter amulet
 84373 | Vaults:5 | Identified the amulet "Ihotaut" {Acrobat rElec Str+4 Int+2}
                  | (You found it on level 5 of the Vaults)
 84448 | Vaults:5 | Identified the +6 hand crossbow of the Desert {flame, rC+++
                  | Dex-4 Stlth+} (You found it on level 5 of the Vaults)
 84926 | Vaults:5 | Found Qaat's Antique Armour Boutique.
 85051 | Vaults:5 | Identified Sif Muna's Incunabulum of the Compass
 85070 | Vaults:5 | Got a silver rune of Zot
 85209 | Vaults:5 | Identified a +0 pair of boots of running (You found it on
                  | level 5 of the Vaults)
 85378 | Vaults:1 | Bought a pair of glowing boots for 142 gold pieces
 85625 | Vaults:5 | Upgraded the game from 0.26-b1-32-g5d43845318 to
                  | 0.26.0-10-g1f06aea511
 85690 | Vaults:5 | Acquired 807 gold pieces
 85700 | Vaults:5 | Acquired the +1 pair of gloves of Apathy {rF++ Dex+3}
 85743 | Vaults:5 | Acquired 1178 gold pieces
 86637 | Slime:1  | Entered Level 1 of the Pits of Slime
 86795 | Slime:1  | Received a gift from Okawaru
 86892 | Slime:3  | Noticed Dissolution
 86912 | Slime:3  | Killed Dissolution
 86923 | Slime:3  | Reached skill level 11 in Invocations
 87117 | Slime:5  | Entered Level 5 of the Pits of Slime
 87279 | Slime:5  | Noticed the Royal Jelly
 87499 | Slime:2  | Reached skill level 12 in Invocations
 88092 | Slime:2  | Reached skill level 13 in Invocations
 88467 | Slime:5  | Gained mutation: Your body sometimes deteriorates upon
                  | taking damage. [a shining eye]
 88645 | Slime:4  | Reached skill level 14 in Invocations
 88783 | Slime:5  | Killed the Royal Jelly
 88783 | Slime:5  | Received a gift from Okawaru
 89688 | Slime:5  | Got faintly glowing pearl dragon scales
 89699 | Slime:5  | Identified the +1 pearl dragon scales of Ofrawn {rElec rN+
                  | MP+9 Int-2 Dex+8} (You found it on level 5 of the Pits of
                  | Slime)
 89725 | Slime:5  | Got a fine shortbow
 89790 | Slime:5  | Got a slimy rune of Zot
 89794 | Slime:5  | Identified the +2 robe of Honesty {-Tele Will++ rCorr
                  | Stlth+} (You found it on level 5 of the Pits of Slime)
 89935 | Slime:5  | Identified the +12 shortbow of Qiotyale {flame, rF++ rC+
                  | Str-2} (You found it on level 5 of the Pits of Slime)
 89962 | Slime:5  | Received a gift from Okawaru
 89963 | Slime:5  | Reached skill level 15 in Invocations
 90269 | Depths:2 | Voluntarily entered the Abyss.
 90288 | Abyss:1  | Found a corrupted altar of Lugonu.
 90822 | Abyss:3  | Received a gift from Okawaru
 90823 | Abyss:3  | Got a faintly glowing ring mail {god gift}
 90876 | Abyss:3  | Got an abyssal rune of Zot
 90888 | Depths:2 | Escaped the Abyss
 90919 | Depths:2 | Identified the +4 ring mail of Hedge Wizardry {god gift,
                  | Str-3 Int+5} (Okawaru gifted it to you on level 3 of the
                  | Abyss)
 91080 | D:11     | You showed the abyssal rune of Zot to enter a treasure
                  | trove
 91081 | Trove    | Entered a treasure trove
 91096 | Trove    | Got a heavily runed steel amulet
 91099 | Trove    | Identified the amulet "Vujafeta" {Faith +Fly rElec rF+
                  | Str-4} (You found it in a treasure trove)
 91116 | Trove    | Got a fine platinum amulet
 91119 | Trove    | Identified the amulet of the Rabble {Reflect rElec rPois
                  | Dex+6 SH+5} (You found it in a treasure trove)
 91326 | Temple   | Fell from the grace of Okawaru
 91326 | Temple   | Became a worshipper of Makhleb the Destroyer
 91645 | Zot:1    | Entered Level 1 of the Realm of Zot
 91871 | Zot:1    | Reached skill level 16 in Invocations
 92443 | Zot:1    | Found a runed translucent door.
 92443 | Zot:1    | Found a shimmering altar of Xom.
 92443 | Zot:1    | Noticed Icycared's ghost (master GrFi)
 92545 | Zot:1    | Reached * piety under Makhleb
 92546 | Zot:1    | Reached skill level 17 in Invocations
 92859 | Zot:4    | Found a runed translucent door.
 92860 | Zot:4    | Found a shimmering altar of Xom.
 92860 | Zot:4    | Noticed Muataran's ghost (veteran MiMo)
 93269 | Zot:4    | Reached skill level 18 in Invocations
 93412 | Zot:4    | Reached ** piety under Makhleb
 95526 | Zot:2    | Reached skill level 12 in Evocations
 96104 | Zot:1    | Reached skill level 19 in Invocations
 97547 | Depths:4 | Gained mutation: You are robust. (+10% HP) [mutagenic glow]
 98880 | Crypt:1  | Entered Level 1 of the Crypt
 98940 | Crypt:2  | Found a magical portal.
 98949 | WizLab   | Entered The Hall of the Hellbinder
 99194 | WizLab   | Reached *** piety under Makhleb
 99514 | WizLab   | Reached skill level 20 in Invocations
 99691 | WizLab   | Found a burning altar of Makhleb.
 99912 | WizLab   | Identified the cursed +1 hunting sling of Eternal Harmony
                  | {freeze, Int+2} (You found it in a wizard's laboratory)
 99912 | WizLab   | Identified the Reference Book on Creation
 99917 | WizLab   | Identified the cursed -6 cloak "Sallulim" {rF+ Str+2} (You
                  | found it in a wizard's laboratory)
 99922 | WizLab   | Identified the ring of Music {Ice Int+4 Dex+4} (You found
                  | it in a wizard's laboratory)
 99973 | WizLab   | Identified the ring of Pisacud {rN+ Int+4} (You found it in
                  | a wizard's laboratory)
100254 | Crypt:1  | Was forgiven by Okawaru
101764 | Crypt:2  | Reached **** piety under Makhleb
101997 | Crypt:3  | Entered Level 3 of the Crypt
102158 | Crypt:3  | Reached skill level 21 in Invocations
102737 | Crypt:3  | Noticed Frederick
102755 | Crypt:3  | Killed Frederick
102892 | Crypt:3  | Reached ***** piety under Makhleb
103361 | Crypt:3  | Reached skill level 22 in Invocations
103999 | Crypt:3  | Found a staircase to the Tomb.
104150 | Crypt:3  | Noticed an ancient lich
104178 | Crypt:3  | Killed an ancient lich
104210 | Crypt:3  | Identified the +1 pair of gloves of Anarchy {+Blink rElec
                  | rN+ Int+3 SInv} (You found it on level 3 of the Crypt)
104919 | Hell     | Entered the Vestibule of Hell
104919 | Hell     | Noticed Geryon
104957 | Hell     | Killed Geryon
105274 | Depths:1 | Reached skill level 23 in Invocations
106279 | Zot:5    | Entered Level 5 of the Realm of Zot
106372 | Zot:5    | Noticed an ancient lich
106389 | Zot:5    | Reached skill level 24 in Invocations
106396 | Zot:5    | Noticed an orb of fire
106398 | Zot:5    | Noticed an ancient lich
106399 | Zot:5    | Noticed a Killer Klown
106401 | Zot:5    | Noticed a Killer Klown
106403 | Zot:5    | Lost mutation: Your body sometimes deteriorates upon taking
                  | damage. [potion of mutation]
106403 | Zot:5    | Lost mutation: Scrolls take you a little longer to read.
                  | [potion of mutation]
106403 | Zot:5    | Gained mutation: Armour fits poorly on your strangely
                  | shaped body. [potion of mutation]
106403 | Zot:5    | Gained mutation: You are strong-willed. (Will+) [potion of
                  | mutation]
106404 | Zot:5    | Lost mutation: Armour fits poorly on your strangely shaped
                  | body. [potion of mutation]
106404 | Zot:5    | Lost mutation: You are robust. (+10% HP) [potion of
                  | mutation]
106404 | Zot:5    | Lost mutation: You are strong-willed. (Will+) [potion of
                  | mutation]
106404 | Zot:5    | Gained mutation: Your magical capacity is low. (-10% MP)
                  | [potion of mutation]
106404 | Zot:5    | Gained mutation: Potions are less effective at restoring
                  | your health. [potion of mutation]
106405 | Zot:5    | Lost mutation: Your magical capacity is low. (-10% MP)
                  | [potion of mutation]
106405 | Zot:5    | Lost mutation: Potions are less effective at restoring your
                  | health. [potion of mutation]
106407 | Zot:5    | Noticed an orb of fire
106410 | Zot:5    | Noticed a Killer Klown
106418 | Zot:5    | Noticed a Killer Klown
106418 | Zot:5    | Noticed an orb of fire
106421 | Zot:5    | Got the Orb of Zot
106582 | Depths:2 | Noticed Ilobyg Kebo the pandemonium lord
106860 | D:2      | Your ally Dirian died
106917 | D:$      | Escaped with the Orb!

Illustrated notes

Levels and vault maps discovered:
D:1:      dpeg_arrival_signposts, layout_loops_ring, kennysheep_minor_cross
D:2:      layout_basic, serial_corexii_hall, chequers_hall_statues_y,
          chequers_hall_statues_y
D:3:      layout_basic, elyvilon_altar_3
D:4:      layout_gridville, minmay_temple_entry_offerings,
          gammafunk_ghost_grave, uniq_pikel, uniq_menkaure
D:5:      minmay_polygon_palace, layout_basic, bloody_trog
D:6:      layout_basic, tso_altar, serial_glass, glass_columns_c,
          glass_columns_c, due_unseen_surprise, item_on_display_a, serial_shops,
          shop_statue, nemelex_spade_bored_becter
D:7:      layout_rooms, mrwooster_statue_mirror, nrook_campfire,
          hangedman_glass_teeth
D:8:      layout_basic, uniq_maggie, uniq_psyche, uniq_maurice
D:9:      layout_irregular_city, ebering_ghost_xom, grunt_ministairs_15
D:10:     layout_loops_cross, lair_entry_dummy, hangedman_abyss_or_decor_passed,
          uniq_nergalle
D:11:     minmay_chambers_of_sevens, layout_gridville, hiddenorc2_lemuel,
          enter_trove_3, uniq_sonja, uniq_harold
D:12:     minmay_the_grid_triangle_9x9_line_8_mashed
          [minmay_the_grid_triangle_9x9_descending_squares,
          minmay_the_grid_triangle_9x9_sprig,
          minmay_the_grid_triangle_9x9_limited_checkers,
          minmay_the_grid_triangle_9x9_semitri,
          minmay_the_grid_triangle_9x9_skeleton,
          minmay_the_grid_triangle_9x9_steps,
          minmay_the_grid_triangle_9x9_fully_insulated_deathbox,
          minmay_the_grid_triangle_9x9_prize_schism], layout_loops_ring,
          serial_glass, glass_columns_a, glass_columns_a
D:13:     layout_loops_ring, hangedman_decor_lopped, grunt_ministairs_8
D:14:     layout_stronghold, david_vaults_3, fedhas_altar_fruit_tree,
          mikee_hates_you
D:15:     grunt_enter_depths_hoard, layout_loops_cross, minmay_misc_feat_chi,
          basic_altar, due_unseen_surprise
Temple:   compressed_dpeg_triangle_lava_temple
Lair:1:   layout_regular_city, maelrawn_ghost_gauntlet_escape,
          minmay_hedge_maze, nicolae_quartered_pool_little,
          serial_bayou_lagoon_a, bh_autumn_forest_stairs, st_stairs_13,
          beast_lair_carwin_8, grunt_megastairs_1
Lair:2:   layout_layer_cave
Lair:3:   layout_hall_layers, swamp_mist, guppyfry_snake_entry_island,
          serial_forest, infiniplex_forest_clump_medium,
          infiniplex_forest_lined_corner, infiniplex_forest_clump_tiny,
          infiniplex_forest_clump_C, infiniplex_forest_lined_2, minivault_26,
          grunt_forest_large_clearing_hut
Lair:4:   layout_gridlike, grunt_megastairs_5
Lair:5:   layout_regular_city, zaba_antful_of_joy
Lair:6:   minmay_lair_end_frog_pond, layout_hall_layers,
          minmay_slime_entry_pillars, ebering_ghost_xom, lookout_lair_type,
          columned_hall_lemuel, serial_bayou_pond_c
Swamp:1:  layout_basic_swamp, evilmike_swamp_ruin_house_3
Swamp:2:  layout_basic_swamp, evilmike_swamp_ruin_house_2
Swamp:3:  layout_basic_swamp, nicolae_swamp_triple_paths, swamp_pool3
Swamp:4:  swamp_basic_johnstein, layout_basic_swamp
Snake:1:  layout_basic, gammafunk_ghost_arena, basic_altar
Snake:2:  nicolae_cobra_stairs, layout_rooms, gammafunk_ghost_arena,
          minmay_shoptagon
Snake:3:  layout_misc_corridors, uniq_mara, uniq_aizul
Snake:4:  minmay_snake_end_coiled, layout_cave_town, grunt_megastairs_3,
          lemuel_fruit_tree, serial_bayou_shore_b, minmay_shop_grove,
          uniq_vashnia
Slime:1:  layout_caves
Slime:2:  layout_caves
Slime:3:  layout_caves, uniq_dissolution
Slime:4:  layout_caves
Slime:5
Orc:1:    layout_caves, enter_bailey_6
Orc:2:    pf_orc_diabolical, layout_caves, gauntlet_entry_generic, serial_shops,
          shop, uniq_jorgrun
Elf:1:    eino_elf_arrival_altar, layout_gridlike, minmay_elf_crystal_hexagon,
          minmay_shop_star
Elf:2:    layout_geoelf_octagon, serial_shops, shop
Elf:3:    minmay_elf_hall_furrowed, layout_geoelf_castle, grunt_megastairs_4
Vaults:1: vaults_room_glass_cross, hangedman_vaults_maws, vaults_mumra_lcd,
          v_misc_15, vaults_mumra_hexcomb, nicolae_vaults_twisting_passages,
          v_misc_25, vaults_room_door_ring, ontoclasm_vaults_ligature,
          nicolae_vaults_theta, layout_vaults_ring, serial_shops, shop
Vaults:2: v_misc_24, ontoclasm_vaults_spin, v_pattern_3,
          ontoclasm_vaults_loading_screen, v_misc_30, vaults_room_hallway,
          ontoclasm_vaults_fault, layout_vaults_big_room
Vaults:3: gammafunk_dig_for_victory, v_alt_pattern_1, nicolae_vaults_arrows,
          v_misc_2, v_misc_19, minmay_crypt_entry_simple_sparse,
          vaults_room_mumra_shop_pool, nicolae_vaults_theta,
          hangedman_vaults_restitches, nicolae_vaults_little_squares_1,
          vaults_room_stairs_pillars, nicolae_vaults_angled_halls,
          vaults_mumra_minichess_inversion, layout_vaults_maze_snakey
Vaults:4: ontoclasm_vaults_idyll, vaults_room_octagon,
          vaults_standard_mumra_lines, vaults_dpeg_diagonal,
          nicolae_vaults_angled_halls, nicolae_vaults_triangles, v_misc_10,
          v_misc_25, grunt_vaults_funnel, grunt_vaults_diagonal,
          hangedman_vaults_restitches, hangedman_vaults_cutoff,
          layout_vaults_quadrants, serial_shops, shop_fountains, uniq_donald
Vaults:5
Crypt:1:  layout_catacombs
Crypt:2:  layout_catacombs, mu_enter_wizlab_6
Crypt:3:  david_glass_crypt, layout_chaotic_city, tomb_entry_shell_bobbens,
          minivault_26, uniq_frederick
Depths:1: layout_honeycomb, pan_entry, grunt_metal_band, serial_shops, shop,
          kennysheep_small_spiral, lemuel_flame_loot_1,
          kennysheep_random_hallway, serial_bayou_shore_a, serial_bayou_shore_b,
          serial_bayou_shore_b, uniq_asterion
Depths:2: minmay_outward_triangles, layout_basic, hell_entry, pan_entry,
          abyss_entry, minmay_crystal_box
Depths:3: cross_vault, layout_cave_pools, grunt_hell_entry_dis_grunt,
          hangedman_decor_diamond_cutter, pan_entry
Depths:4: minmay_chopped_fan, layout_cave_pools, pan_entry, abyss_entry,
          hell_entry, nicolae_wwwww, minmay_microvault
Depths:5: grunt_twist_and_shout, layout_honeycomb, enter_ziggurat_e,
          nicolae_abyss_entry_one_way_or_another, hell_entry,
          ebering_dispersal_statue_hall, serial_shops,
          nicolae_shop_window_shopping
Hell
Zot:1:    layout_gridlike, ebering_ghost_xom
Zot:2:    layout_concentric_octagons
Zot:3:    layout_gridlike
Zot:4:    layout_basic, ebering_ghost_xom
Zot:5:    layout_onion

Skill      XL: |  1  2  3  4  5  6  7  8  9 10 11 12 13 14 15 16 17 18 19 20 21 22 23 24 25 26 27 |
---------------+----------------------------------------------------------------------------------+-----
Slings         | 6 7 11 12 14 15 16 | 16.0
Fighting       | 2 3 4 5 8 9 10 11 13 14 15 16 17 18 19 20 21 22 23 | 23.1
Shields        | 1 3 5 |  5.6
Translocations | 3 4 7 9 10 11 12 14 | 14.0
Invocations    | 4 6 8 24 | 24.1
Spellcasting   | 1 2 4 5 6 7 |  7.0
Evocations     | 3 4 6 7 9 10 12 | 12.0
Armour         | 2 6 9 10 12 13 15 16 17 18 19 20 | 20.3
Dodging        | 3 6 9 10 12 13 15 16 17 18 19 20 | 20.3
Stealth        | 2 5 7 8 10 12 | 12.0
Hexes          | 1 3 4 5 6 7 9 |  9.0
Necromancy     | 6 |  6.0

Action                   |  1- 3 |  4- 6 |  7- 9 | 10-12 | 13-15 | 16-18 | 19-21 | 22-24 | 25-27 || total
-------------------------+-------+-------+-------+-------+-------+-------+-------+-------+-------++-------
Melee: Short sword       |    22 |       |       |       |       |       |       |       |       ||    22
       Hand axe          |       |    10 |     9 |       |       |    30 |       |       |       ||    49
       Hunting sling     |       |       |       |     1 |       |       |       |       |       ||     1
       Spear             |       |       |       |     8 |    29 |       |       |       |       ||    37
 Fire: Hunting sling     |    93 |   122 |   600 |  1298 |  3407 |  2099 |       |       |       ||  7619
       Fustibalus        |       |       |       |       |       |   537 |  2029 |  2498 |  7513 || 12577
Throw: Dart              |       |     2 |     1 |     5 |    51 |     8 |       |     3 |    11 ||    81
       Stone             |       |       |       |     1 |     8 |    81 |       |    16 |       ||   106
       Boomerang         |       |       |       |       |       |       |       |     1 |       ||     1
 Cast: Blink             |       |       |       |     4 |    34 |    13 |    13 |     8 |    65 ||   137
       Portal Projectile |       |       |       |       |    40 |    54 |     6 |    11 |    35 ||   146
       Passage of Golubr |       |       |       |       |     4 |    11 |    13 |     7 |    43 ||    78
       Tukima's Dance    |       |       |       |       |       |     2 |       |       |       ||     2
       Animate Skeleton  |       |       |       |       |       |    16 |    21 |     5 |    24 ||    66
       Apportation       |       |       |       |       |       |       |       |       |     5 ||     5
Invok: Heroism           |       |       |       |    14 |    25 |     5 |     4 |     4 |     9 ||    61
       Finesse           |       |       |       |     1 |    11 |     6 |     2 |     2 |    11 ||    33
       Minor Destruction |       |       |       |       |       |       |       |       |    37 ||    37
       Greater Servant o |       |       |       |       |       |       |       |       |     6 ||     6
       Lesser Servant of |       |       |       |       |       |       |       |       |     1 ||     1
 Abil: Evoke Flight      |       |       |       |       |     3 |       |       |       |       ||     3
       Stop Flying       |       |       |       |       |     1 |       |       |       |       ||     1
       Cancel Portal Pro |       |       |       |       |       |     2 |     1 |       |     2 ||     5
       Evoke Invisibilit |       |       |       |       |       |       |       |       |     9 ||     9
Evoke: Wand              |       |       |     1 |     1 |     9 |     3 |     1 |     4 |    14 ||    33
       Phantom mirror    |       |       |       |       |     1 |     3 |     1 |       |     3 ||     8
       Tin of tremorston |       |       |       |       |       |     4 |       |       |     7 ||    11
       Lightning rod     |       |       |       |       |       |     2 |       |       |     4 ||     6
       Box of beasts     |       |       |       |       |       |       |       |       |     5 ||     5
       Phial of floods   |       |       |       |       |       |       |       |       |     3 ||     3
       Condenser vane    |       |       |       |       |       |       |       |       |     3 ||     3
       Horn of Geryon    |       |       |       |       |       |       |       |       |     1 ||     1
  Use: Scroll            |       |     2 |    12 |     9 |     7 |    11 |    11 |     4 |    63 ||   119
       Potion            |       |       |       |       |       |       |     1 |       |    18 ||    19
Armor: Leather armour    |    10 |     3 |       |       |       |       |       |       |       ||    13
       Ring mail         |       |     4 |    60 |     6 |    24 |    72 |    23 |    42 |    88 ||   319
       Swamp dragon scal |       |       |       |    85 |   164 |    53 |    17 |       |       ||   319
       Scale mail        |       |       |       |       |       |       |    27 |       |   178 ||   205
       Shadow dragon sca |       |       |       |       |       |       |       |       |   363 ||   363
Dodge: Dodged            |    37 |    20 |   127 |   297 |   924 |   574 |   295 |   365 |  2310 ||  4949
Block: Kite shield       |     6 |    29 |    29 |       |       |       |       |    49 |       ||   113
       Buckler           |       |       |    40 |   209 |   597 |   512 |   313 |   294 |  1927 ||  3892
       Reflection        |       |       |       |     7 |    20 |    80 |    38 |    61 |    76 ||   282
